 Dungeon Crawl Stone Soup version 0.28.0-43-g3370ac3207 (webtiles) character file.

Game seed: 8337035841279292244

80 safid the Chopper (level 4, -8/40 HPs)
             Began as a Hill Orc Fighter on Mar 10, 2022.
             Was an Initiate of Okawaru.
             Mangled by Sigmund
             ... wielding a +0 scythe
              (9 damage)
             ... on level 2 of the Dungeon.
             The game lasted 00:02:28 (1776 turns).

safid the Chopper (Hill Orc Fighter)                Turns: 1776, Time: 00:02:29

Health: -8/40      AC:  7    Str: 20    XL:     4   Next: 39%
Magic:  4/4        EV:  9    Int:  8    God:    Okawaru [......]
Gold:   47         SH:  4    Dex: 10    Spells: 3/3 levels left

rFire   . . .      SeeInvis .   a - +0 war axe
rCold   . . .      Faith    .   c - +0 buckler
rNeg    . . .      Spirit   .   b - +0 scale mail
rPois   .          Reflect  .   (no helmet)
rElec   .          Harm     .   (no cloak)
rCorr   .          Rampage  .   (no gloves)
Will    .....                   (no boots)
Stlth   ..........              (no amulet)
HPRegen 0.13/turn               (no ring)
MPRegen 0.09/turn               (no ring)

@: mighty
A: no striking features
a: Renounce Religion


You were on level 2 of the Dungeon.
You worshipped Okawaru.
Okawaru was noncommittal.
You visited 1 branch of the dungeon, and saw 2 of its levels.

You collected 47 gold pieces.

Inventory:

Hand Weapons
 a - a +0 war axe (weapon)
Armour
 b - a +0 scale mail (worn)
 c - a +0 buckler (worn)
Jewellery
 h - a ring of poison resistance
Scrolls
 g - 2 scrolls of teleportation {unknown}
Potions
 e - a potion of haste {unknown}
 f - a potion of lignification {unknown}


   Skills:
 - Level 4.0 Fighting
 + Level 4.3 Axes
 - Level 4.0 Armour
 - Level 4.0 Shields


You had 3 spell levels left.
You didn't know any spells.
Your spell library was empty.

Dungeon Overview and Level Annotations

Branches:
Dungeon (2/15)

Altars:
Okawaru

Annotations:
D:2 Natasha, Sigmund


Message History

Things that are here:
a +0 short sword; a hobgoblin corpse Natasha, Servant of Life and Death comes into view.
Natasha moves out of view.
No target in view!
Found a stone staircase leading up.
Found a stone staircase leading down.
Sigmund the Dreaded comes into view.
He is wielding a +0 scythe.
Sigmund shouts!
You see here 6 gold pieces.
You feel very mighty all of a sudden. Sigmund casts a spell at you.
You block the puff of flame.
You closely miss Sigmund.
Sigmund gestures wildly while chanting.
Sigmund flickers and vanishes!
Deactivating autopickup; reactivate with Ctrl-A.
Unknown command.
You miss something.
You hear some strange, mumbled words.
A magic dart appears from out of thin air!
The magic dart hits you!
You hear some strange, mumbled words.
You are confused.
Unknown command.
You miss something. Something hits you but does no damage. Something hits you.
Something hits you!
You feel less confused. Something hits you!
* * * LOW HITPOINT WARNING * * *
Something hits you!
* * * LOW HITPOINT WARNING * * *
You closely miss something. Something hits you.
* * * LOW HITPOINT WARNING * * *
You miss something. Something hits you.
* * * LOW HITPOINT WARNING * * *
You miss something. You hit something. Something hits you!
You die...

#. #.############
..##............#
..'...........>.##
...####......$....#
..................#
#########.#.........#
...######.#....#{...##
.......##.#...<#@....#
.....รทรท##.#.####.....#
........#.#.?........#
###.....#.#######..#..#
###....)#..........#..#
...................#...#
###.....#######..... ....
###..)..#######.#####...#
.##...........


There were no monsters in sight!

Vanquished Creatures
  Natasha (twice) (D:2)
  A worm (D:2)
  2 endoplasms (D:1)
  3 goblins (D:1)
  3 hobgoblins
  3 quokkas
  4 ball pythons
  3 bats
  2 frilled lizards (D:1)
  4 kobolds
  A rat (D:1)
28 creatures vanquished.

Notes
Turn   | Place    | Note
-------+----------+-------------------------------------------
     0 | D:1      | safid the Hill Orc Fighter began the quest for the Orb.
     0 | D:1      | Reached XP level 1. HP: 19/19 MP: 1/1
   337 | D:1      | Reached XP level 2. HP: 27/27 MP: 2/2
  1006 | D:2      | Noticed Natasha
  1019 | D:2      | Noticed a crimson imp
  1019 | D:2      | Killed Natasha
  1020 | D:2      | Reached XP level 3. HP: 10/33 MP: 3/3
  1232 | D:2      | Found an iron altar of Okawaru.
  1338 | D:2      | Became a worshipper of Warmaster Okawaru
  1391 | D:2      | Noticed Natasha
  1401 | D:2      | Killed Natasha
  1402 | D:2      | Reached XP level 4. HP: 19/40 MP: 4/4
  1738 | D:2      | Noticed Natasha
  1760 | D:2      | Noticed Sigmund
  1773 | D:2      | HP: 1/40 [something (2)]
  1776 | D:2      | Mangled by Sigmund

Illustrated notes

Levels and vault maps discovered:
D:1:      lightli_arrival_isolated_outpost, layout_basic, minmay_tetromino_t4
D:2:      layout_basic, basic_altar, lemuel_another_geyser, uniq_jessica,
          uniq_sigmund, uniq_natasha

Skill      XL: |  1  2  3 |
---------------+----------+-----
Axes           | 3 4 |  4.3
Fighting       | 4 |  4.0
Armour         | 4 |  4.0
Shields        | 4 |  4.0

Action                   |  1- 3 |  4- 6 || total
-------------------------+-------+-------++-------
Melee: War axe           |    74 |    23 ||    97
  Use: Potion            |       |     1 ||     1
Armor: Scale mail        |    22 |    14 ||    36
Dodge: Dodged            |    36 |     7 ||    43
Block: Buckler           |    22 |     6 ||    28
